 Dungeon Crawl Stone Soup version 0.22-a0-456-g11ed031 (webtiles) character file.

419 jerryfan the Cutter (level 7, 0/44 HPs)
             Began as a Halfling Gladiator on June 6, 2018.
             Slain by Blork the orc
             ... wielding a +0 dire flail
              (4 damage)
             ... on level 4 of the Dungeon.
             The game lasted 00:11:59 (3098 turns).

jerryfan the Cutter (Halfling Gladiator)            Turns: 3098, Time: 00:12:00

Health: 0/44       AC:  5    Str: 15    XL:     7   Next: 16%
Magic:  7/7        EV: 16    Int:  6    God:
Gold:   153        SH:  0    Dex: 18    Spells: 6/6 levels left

rFire    . . .     SeeInvis .   a - +0 rapier
rCold    . . .     Gourm    .   (shield restricted)
rNeg     . . .     Faith    .   b - +0 leather armour
rPois    .         Spirit   .   c - +0 helmet
rElec    .         Reflect  .   (no cloak)
rCorr    .         Harm     .   o - +0 pair of gloves
MR       .....                  (no boots)
Stlth    +++.......             (no amulet)
HPRegen  0.14/turn              (no ring)
MPRegen  0.10/turn              (no ring)

@: hasted, very quick
A: small, mutation resistance 1
a: no special abilities


You were on level 4 of the Dungeon.
You were not hungry.

You visited 1 branch of the dungeon, and saw 4 of its levels.
You also visited: Sewer.

You collected 153 gold pieces.

Inventory:

Hand Weapons
 a - a +0 rapier (weapon)
 m - a +2 hunting sling of velocity
 n - a +2 dagger of venom
 t - a -3 short sword
 w - a +0 vampiric short sword
Missiles
 d - 22 sling bullets
 e - 33 poisoned needles
 h - 117 stones (quivered)
 q - 46 arrows
Armour
 b - a +0 leather armour (worn)
 c - a +0 helmet (worn)
 o - a +0 pair of gloves (worn)
Scrolls
 i - 2 scrolls of teleportation
 k - 2 scrolls of fear {unknown}
 p - a scroll of magic mapping
 s - 2 scrolls of fog {unknown}
 u - 3 scrolls of identify {unknown}
 x - a scroll of random uselessness {unknown}
 y - 2 scrolls of enchant weapon {unknown}
Potions
 g - a potion of curing {unknown}
 l - a potion of lignification {unknown}
 v - a potion of agility {unknown}
Comestibles
 f - 6 rations
 r - 4 chunks of flesh


   Skills:
 - Level 1.7 Fighting
 + Level 6.0 Short Blades
 + Level 4.4 Throwing
 - Level 3.2 Dodging
 + Level 4.5 Stealth


You had 6 spell levels left.
You didn't know any spells.
Your spell library was empty.

Dungeon Overview and Level Annotations

Branches:
Dungeon (4/15)
 Temple: D:4-7

Altars:
Cheibriados
Ru
Wu Jian
Xom

Annotations:
D:4 Blork the orc


Innate Abilities, Weirdness & Mutations

You are small and have problems with some larger weapons.
You are somewhat resistant to further mutation.


Message History

You barely miss something.
You hear some strange, mumbled words.
A puff of flame appears from out of thin air!
The puff of flame hits you!
You miss something.
You hear some strange, mumbled words.
A magic dart appears from out of thin air!
The magic dart hits you!
You hit something but do no damage. You closely miss something.
You hear some strange, mumbled words.
A puff of frost appears from out of thin air!
The puff of frost hits you! Something hits you!
* * * LOW HITPOINT WARNING * * *
It was a potion of haste.
You feel yourself speed up. Something closely misses you.
You closely miss something. Something hits you.
* * * LOW HITPOINT WARNING * * *
You closely miss something. Something hits you.
You die...

#.######## .##
#........#
...###........#
#............ #
##...........
#.#...........
#........# #.#
#......###'######
#.......{@......#
#...............#
#...............#
#######.........#
#.........#
#.........+
#.........#
###########


There were no monsters in sight!

Vanquished Creatures
  Sigmund (D:2)
  A crocodile (Sewer)
  Jessica (D:2)
  4 adders
  3 oozes
  4 worms
  A dart slug (D:1)
  5 leopard geckos
  5 orcs (D:3)
  4 giant cockroaches
  9 goblins
  12 hobgoblins
  5 jackals
  A quokka (D:4)
  5 ball pythons
  9 bats
  7 frilled lizards
  9 kobolds
  4 rats
90 creatures vanquished.

Notes
Turn   | Place    | Note
-------+----------+-------------------------------------------
     0 | D:1      | jerryfan the Halfling Gladiator began the quest for the Orb.
     0 | D:1      | Reached XP level 1. HP: 14/14 MP: 1/1
    43 | D:1      | Reached XP level 2. HP: 15/19 MP: 2/2
    46 | D:1      | Reached skill level 1 in Stealth
   103 | D:1      | Reached skill level 4 in Short Blades
   279 | D:1      | Reached XP level 3. HP: 15/24 MP: 3/3
   860 | D:2      | Noticed Sigmund
   916 | D:2      | Killed Sigmund
   916 | D:2      | Reached skill level 5 in Short Blades
   916 | D:2      | Reached XP level 4. HP: 3/29 MP: 4/4
   916 | D:2      | Reached XP level 5. HP: 4/34 MP: 5/5
   916 | D:2      | Reached XP level 6. HP: 5/39 MP: 6/6
  1273 | D:2      | Noticed Jessica
  1280 | D:2      | Killed Jessica
  1530 | D:2      | Found a faded altar of an unknown god.
  1862 | D:2      | Found a faded altar of an unknown god.
  1862 | D:2      | Found an ornate altar of the Wu Jian Council.
  1880 | D:2      | Found a snail-covered altar of Cheibriados.
  1882 | D:2      | Found a sacrificial altar of Ru.
  1883 | D:2      | Found a faded altar of an unknown god.
  2277 | D:3      | Found a glowing drain.
  2286 | Sewer    | Entered a sewer
  2475 | Sewer    | Reached XP level 7. HP: 44/44 MP: 7/7
  2672 | D:3      | Found a shimmering altar of Xom.
  2781 | D:3      | Reached skill level 6 in Short Blades
  3022 | D:4      | Noticed Blork the orc
  3098 | D:4      | Slain by Blork the orc

Vault maps used:
D:1:      dpeg_arrival_simpleton_a
D:2:      chequers_temple_overflow_minitemple, chequers_ecumenical_altar_island,
          grunt_ministairs_11, uniq_sigmund, uniq_jessica
D:3:      cheibrodos_sewer_entry_sluice, first_ration,
          brannock_xom_greatest_gift
D:4:      minmay_temple_entry_large_hall, uniq_blork_the_orc
Sewer:    sewer_the_crocodile

Skill      XL: |  1  2  3  4  5  6  7 |
---------------+----------------------+-----
Stealth        | 1 3 4 |  4.5
Short Blades   | 4 5 6 |  6.0
Throwing       | 3 4 |  4.4
Fighting       | |  1.7
Dodging        | |  3.2

Action                   |  1- 3 |  4- 6 |  7- 9 || total
-------------------------+-------+-------+-------++-------
Melee: Rapier            |    81 |   116 |    57 ||   254
       Dagger            |       |       |     7 ||     7
 Fire: Hunting sling     |       |    13 |     9 ||    22
Throw: Throwing net      |     3 |       |       ||     3
       Stone             |       |     2 |       ||     2
  Use: Potion            |       |     2 |     2 ||     4
       Scroll            |       |       |     4 ||     4
 Stab: Sleeping          |     2 |     9 |     3 ||    14
       Invisible         |       |     2 |       ||     2
  Eat: Chunk             |       |     5 |     2 ||     7
Armor: Leather armour    |    12 |    33 |    40 ||    85
Dodge: Dodged            |    37 |   136 |   125 ||   298

Table legend:
 A = Spawn XP
 B = Non-spawn XP
 C = Spawn XP percentage of total XP
 D = Spawn monster count
 E = Non-spawn monster count
 F = Spawn count percentage of total count
 G = Total turns spent on level
                    A         B        C        D         E        F      G
               +---------+---------+-------+---------+---------+-------+---------
         Total |       0 |     599 |   0.0 |       0 |      90 |   0.0 |  3098
               +---------+---------+-------+---------+---------+-------+---------
           D:1 |       0 |      45 |   0.0 |       0 |      22 |   0.0 |   803
           D:2 |       0 |     326 |   0.0 |       0 |      28 |   0.0 |  1287
           D:3 |       0 |     112 |   0.0 |       0 |      33 |   0.0 |   628
           D:4 |       0 |       2 |   0.0 |       0 |       1 |   0.0 |   138
         Sewer |       0 |     114 |   0.0 |       0 |       6 |   0.0 |   242
               +---------+---------+-------+---------+---------+-------+---------
